 Dungeon Crawl Stone Soup version 0.27-a0-1196-g3e9cee4cb2 (webtiles) character file.

Game seed: 8804515927708810048

86 Zonian the Conjurer (level 4, 0/32 HPs)
             Began as a Human Conjurer on May 28, 2021.
             Was a Believer of Makhleb.
             Slain by an iguana (6 damage)
             ... on level 3 of the Dungeon.
             The game lasted 00:06:21 (5052 turns).

Zonian the Conjurer (Human Conjurer)                Turns: 5052, Time: 00:06:21

Health: 0/32       AC:  2    Str:  7    XL:     4   Next: 78%
Magic:  1/7        EV: 12    Int: 20    God:    Makhleb [**....]
Gold:   32         SH:  0    Dex: 17    Spells: 5/8 levels left

rFire    . . .     SeeInvis .   d - +1 dagger
rCold    . . .     Faith    .   (no shield)
rNeg     . . .     Spirit   .   a - +0 robe
rPois    .         Reflect  .   (no helmet)
rElec    .         Harm     .   (no cloak)
rCorr    .         Rampage  .   (no gloves)
Will     .....                  (no boots)
Stlth    ++........             (no amulet)
HPRegen  0.10/turn              k - +6 ring of dexterity
MPRegen  0.10/turn              (no ring)

@: no status effects
A: no striking features
a: Renounce Religion, Minor Destruction


You were on level 3 of the Dungeon.
You worshipped Makhleb.
Makhleb was pleased with you.
You visited 1 branch of the dungeon, and saw 3 of its levels.

You collected 32 gold pieces.

Inventory:

Hand Weapons
 d - a +1 dagger (weapon)
Missiles
 c - 12 poisoned darts
 f - 2 boomerangs
 h - 3 atropa-tipped darts
Armour
 a - a +0 robe (worn)
Jewellery
 k - a +6 ring of dexterity (left hand)
Potions
 e - a potion of cancellation
 g - a potion of mutation
 j - a potion of lignification {unknown}
 l - a potion of ambrosia {unknown}
 m - a potion of heal wounds {unknown}


   Skills:
 * Level 1.0 Fighting
 * Level 1.0 Short Blades
 + Level 2.0 Dodging
 + Level 2.1 Stealth
 + Level 2.6 Spellcasting
 + Level 4.6 Conjurations
 * Level 1.4 Invocations


You had 5 spell levels left.
You knew the following spells:

 Your Spells              Type           Power      Damage    Failure   Level
a - Magic Dart            Conj           84%        1d7       2%          1
b - Searing Ray           Conj           42%        3d4       3%          2

Your spell library contained the following spells:

 Spells                   Type           Power      Damage    Failure   Level
 Beastly Appendage        Tmut           4%         N/A       16%         1
 Dazzling Flash           Conj/Hex       22%        N/A       17%         3
 Wereblood                Tmut           2%         N/A       22%         2
 Spider Form              Tmut/Pois      1%         N/A       41%         3
 Fulminant Prism          Conj/Hex       5%         3d7       50%         4
 Iskenderun's Mystic Bla  Conj/Tloc      11%        2d4       50%         4
 Ice Form                 Ice/Tmut       2%         N/A       83%         4
 Hydra Form               Tmut           1%         N/A       99%         5


Dungeon Overview and Level Annotations

Branches:
Dungeon (3/15)

Altars:
Cheibriados
Makhleb
Qazlal


Message History

Casting: Searing Ray (safe; 3% risk of failure)
Confirm with . or Enter, or press ? or * to list all spells.
Aiming: Searing Ray (safe; 3% risk of failure)
Press: ? - help, Shift-Dir - straight line, f/p - iguana
Aim: an iguana (lightly wounded, 81% to hit)
The searing ray hits the iguana!
The iguana is severely wounded. (Press . to maintain the ray.)
The iguana bites you.
The searing ray misses the iguana.
The iguana misses you.
Unknown command.
The searing ray hits the iguana.
The iguana is almost dead.
The iguana closely misses you.
Unknown command.
The searing ray misses the iguana.
You finish channeling your searing ray.
The iguana barely misses you.
Unknown command.
Casting: Searing Ray (safe; 3% risk of failure)
Confirm with . or Enter, or press ? or * to list all spells.
Aiming: Magic Dart (safe; 2% risk of failure)
Press: ? - help, Shift-Dir - straight line, f/p - iguana
Aim: an iguana (almost dead, 100% to hit)
The magic dart hits the iguana but does no damage.
The iguana is almost dead.
The iguana bites you!
Unknown command.
You hit the iguana but do no damage.
The iguana is almost dead.
The iguana closely misses you.
You completely miss the iguana.
The iguana is almost dead.
The iguana bites you.
You hit the iguana but do no damage.
The iguana is almost dead.
The iguana bites you!
* * * LOW HITPOINT WARNING * * *
Okay, then.
The iguana bites you.
You die...

#.# #.# .#. #.# #.# .. #.#
#.# . #.# #.# ##.# #.# #.#
#..# #.# #.# #.## #.# #.#
#.# #.# #l# #.# #.#
#@####.#####.#
###.####.รท..........#
######...........#........
.........#######.#########
.#####...# #.# .........#
#.# ######..## #.#
#########..# ..#
...........# ..#


You could see an iguana.

Vanquished Creatures
  An adder (D:3)
  2 dart slugs
  3 worms
  7 bats
  9 endoplasms
  6 goblins
  5 hobgoblins
  2 jackals (D:2)
  8 kobolds
  2 quokkas
  7 ball pythons
  4 frilled lizards
  7 rats
63 creatures vanquished.

Notes
Turn   | Place    | Note
-------+----------+-------------------------------------------
     0 | D:1      | Zonian the Human Conjurer began the quest for the Orb.
     0 | D:1      | Reached XP level 1. HP: 13/13 MP: 3/3
    23 | D:1      | Found a faded altar of an unknown god.
    29 | D:1      | Became a worshipper of Makhleb the Destroyer
    29 | D:1      | Reached * piety under Makhleb
   293 | D:1      | Reached XP level 2. HP: 19/19 MP: 1/5
   985 | D:1      | Learned a level 2 spell: Searing Ray
  1125 | D:1      | Reached XP level 3. HP: 24/24 MP: 4/6
  2499 | D:2      | Reached ** piety under Makhleb
  2923 | D:2      | Reached XP level 4. HP: 31/31 MP: 2/7
  3471 | D:2      | Reached skill level 1 in Invocations
  4103 | D:2      | Reached skill level 1 in Fighting
  4352 | D:3      | Found a stormy altar of Qazlal.
  4409 | D:3      | Found a snail-covered altar of Cheibriados.
  4412 | D:3      | Noticed an ogre
  4710 | D:3      | Reached skill level 1 in Short Blades
  5052 | D:3      | Slain by an iguana

Illustrated notes

Levels and vault maps discovered:
D:1:      ebering_trefoil_twist, layout_loops_ring,
          hellmonk_ecumenical_altar_lost_god, chequers_serial_rivers_micro_d,
          minmay_tromino_i4
D:2:      minmay_angry_zag, layout_loops_ring, serial_glass, glass_columns_b,
          glass_columns_a, glass_columns_b, glass_columns_a, glass_columns_a,
          glass_columns_c, glass_columns_a, glass_columns_b, glass_columns_a,
          glass_columns_b
D:3:      layout_loops_ring, slow_altar_1, lemuel_tele_altar,
          nicolae_gozag_seed_capital, grunt_temple_overflow_open,
          lightli_temple_of_fire, minmay_fractal_squares_5

Skill      XL: |  1  2  3  4 |
---------------+-------------+-----
Invocations    | 1 |  1.4
Fighting       | 1 |  1.0
Short Blades   | 1 |  1.0
Dodging        | |  2.0
Stealth        | |  2.1
Spellcasting   | |  2.6
Conjurations   | |  4.6

Action                   |  1- 3 |  4- 6 || total
-------------------------+-------+-------++-------
Melee: Dagger            |    18 |    12 ||    30
Throw: Boomerang         |       |     1 ||     1
 Cast: Magic Dart        |    72 |    53 ||   125
       Searing Ray       |     1 |     3 ||     4
  Use: Scroll            |     1 |     2 ||     3
Armor: Robe              |     1 |     2 ||     3
Dodge: Dodged            |    17 |    17 ||    34

Table legend: (Time is in decaauts)
 A = Elapsed time spent in this place.
 B = Non-inter-level travel time spent in this place.
 C = Inter-level travel time spent in this place.
 D = Time resting spent in this place.
 E = Time spent auto-exploring this place.
 F = Levels seen in this place.
 G = Mean time per level.
                   A        B        C        D        E       F      G
               +--------+--------+--------+--------+--------+-----+--------+
         Total |   5051 |   4960 |     91 |   2955 |   1512 |   3 | 1683.7 |
       Dungeon |   5051 |   4960 |     91 |   2955 |   1512 |   3 | 1683.7 |
               +--------+--------+--------+--------+--------+-----+--------+

Top non-repeatable levels by time:
     D:2: 2983 daAuts
     D:1: 1549 daAuts
     D:3: 518 daAuts
